cohdb
Replays
Latest Replays
All Replays
Popular Replays
Top Player Replays
Match Explorer
How It Works
Community
CoH3 Stats
Reddit
Sign in to upload your games and track your stats! →
Sign in with Steam
Match 39647369
Unlisted
Match 39647369
Overview
Messages
Build Orders
End
Kettenkrad Recon Vehicle
Construct Infanterie Kompanie
MG 42 Machine Gun Team
Grenadier Squad
Selects Terror Battlegroup
Selects Machine Gun Camouflage
GrW 34 Mortar Team
Construct Panzergrenadier Kompanie
Grenadier Squad
Panzergrenadier Squad
Support Elements
StuG III G Assault Gun
251 Medium Carrier
Selects Defend the Fatherland
Nebelwerfer 42 Rocket Launcher Team
Nebelwerfer 42 Rocket Launcher Team
StuG III G Assault Gun
rockkiller31
MataMOsca
Maykii
Mao
TidaL
Hansbeger
0
0
Comments
sign in to comment!
No comments posted yet!